 Dungeon Sprint DCSS version bcrawl-1.31 (webtiles) character file.

Game seed: 9232075767606822827

1089278 Groucho the Fighter (level 9, -13/82 HPs)
             Began as a Barachi Fighter on Apr 10, 2021.
             Was a High Priest of Qazlal.
             Killed from afar by a white draconian (28 damage)
             ... with a chilling breath
             ... in the Dungeon (Sprint V: "Ziggurat Sprint").
             The game lasted 00:04:15 (813 turns).

Groucho the Fighter (Barachi Fighter)                Turns: 813, Time: 00:04:16

Health: -13/82     AC: 30    Str: 31    XL:     9   Next: 48%
Magic:  1/15       EV:  0    Int:  9    God:    Qazlal [*****.]
Gold:   0          SH: 38    Dex: 13    Spells: 8/8 levels left

rFire    . . .     SeeInvis +   o - +14 obsidian axe {chop, +Fly SInv *Curse} (curse)
rCold    . . .     Gourm    .   n - +18 shield of the Gong {rElec rN+ MR+ EV-5}
rNeg     + . .     Faith    .   m - +15 Maxwell's patent armour {-Cast -Tele rElec MR+ rCorr}
rPois    .         Spirit   .   (no helmet)
rElec    +         Reflect  .   (no cloak)
rCorr    +         Harm     .   (no gloves)
MR       ++...     NoTele   +   (no boots) Stlth ..........NoCast +
                                (no amulet)
HPRegen  0.23/turn              F - +6 ring of strength
MPRegen  0.14/turn              G - +6 ring of strength

@: mesmerised, repel missiles, slow
A: +LOS, swims, slowness 1, strong legs 1
a: Hop, Upheaval, Elemental Force, Disaster Area, Renounce Religion, Evoke
Flight


You were in the Dungeon.
You worshipped Qazlal.
Qazlal was extremely pleased with you.
You were hungry.

You visited 1 branch

Inventory:

Hand Weapons
 b - the +6 Majin-Bo {vamp, *Drain Str+12 Int+24}
   (You found it in the Dungeon)

   It inflicts no extra harm, but heals its wielder when it wounds a living foe.
   It affects your strength (+12).
   It affects your intelligence (+24).
   It causes draining when unequipped.
 c - the +9 heavy crossbow "Sniper" {velocity, Acc+∞ SInv}
   (You found it in the Dungeon)

   Any bolt fired from it inflicts extra damage.
   It lets you see invisible.
 l - the +10 dark maul {crush}
   (You found it in the Dungeon)

   It will always inflict at least some extra damage.
   This minimum extra damage increases with your current reserve of magical
   power.
 o - the cursed +14 obsidian axe (weapon) {chop, +Fly SInv *Curse}
   (You found it in the Dungeon)

   It will always inflict at least some extra damage.
   This minimum extra damage increases with your current reserve of magical
   power.
   It lets you see invisible.
   It lets you fly.
   It curses itself when equipped.
   It has a curse placed upon it.
 p - the +7 great mace "Firestarter" {inner flame, rF++}
   (You found it in the Dungeon)

   It has been specially enchanted to surge with flame as it hits, increasing
   damage dealt by approximately one third against foes not resistant or
   susceptible to fire.
   It greatly protects you from fire.
 q - the +6 shillelagh "Devastator" {shatter}
   (You found it in the Dungeon)
 r - the +11 plutonium sword {*Contam Stlth-}
   (You found it in the Dungeon)

   It causes magical contamination when unequipped.
   It makes you less stealthy.
 s - the +8 lance "Wyrmbane" {slay drac, rPois rF+ rC+ AC+3}
   (You found it in the Dungeon)

   It affects your AC (+3).
   It protects you from fire.
   It protects you from cold.
   It protects you from poison.
 t - the +9 sword of Zonguldrok {reap}
   (You found it in the Dungeon)

   If a monster killed with it leaves a corpse in good enough shape, the corpse
   will be animated as a zombie friendly to the killer.
 u - the cursed +13 scythe of Curses {drain, *Curse}
   (You found it in the Dungeon)

   A truly terrible weapon, it drains the life of those it strikes.
   It curses itself when equipped.
   It has a curse placed upon it.
 v - the +0 sword of Power
   (You found it in the Dungeon)
 w - the +7 mace of Variability {chain chaos}
   (You found it in the Dungeon)

   Each time it hits an enemy it has a different, random effect.
 x - the +7 Singing Sword {slice}
   (You found it in the Dungeon)

   It will always inflict at least some extra damage.
   This minimum extra damage increases with your current reserve of magical
   power.
 y - the +7 longbow "Piercer" {penet, EV-2}
   (You found it in the Dungeon)

   Ammo fired by it will pass through the targets it hits, potentially hitting
   all targets in its path until it reaches its maximum range.
   It affects your evasion (-2).
Armour
 a - +5 gold dragon scales
 m - the +15 Maxwell's patent armour (worn) {-Cast -Tele rElec MR+ rCorr}
   (You found it in the Dungeon)

   It insulates you from electricity.
   It affects your resistance to hostile enchantments.
   It prevents spellcasting.
   It prevents most forms of teleportation.
   It provides partial protection from all sources of acid and corrosion.
 n - the +18 shield of the Gong (worn) {rElec rN+ MR+ EV-5}
   (You found it in the Dungeon)

   It affects your evasion (-5).
   It insulates you from electricity.
   It protects you from negative energy.
   It affects your resistance to hostile enchantments.
 V - a +0 cloak
Jewellery
 A - the ring "Ymaon" {+Fly rN+}
   (You found it in the Dungeon)

   [ring of flight]

   It protects you from negative energy.
   It lets you fly.
 B - a +6 ring of dexterity
 C - a +6 ring of dexterity
 D - a +6 ring of intelligence
 E - a +6 ring of intelligence
 F - a +6 ring of strength (left hand)
 G - a +6 ring of strength (right hand)
 U - a +4 ring of protection
Wands
 H - a wand of disintegration (7)
 I - a wand of iceblast (7)
 J - a wand of acid (7)
Scrolls
 i - 5 scrolls of identify
 k - 4 scrolls of blinking
 P - 4 scrolls of amnesia
 Q - 7 scrolls of fog
 S - 5 scrolls of remove curse
 T - 2 scrolls of fear
Potions
 d - 6 potions of might
 f - 10 potions of curing
 g - 14 potions of heal wounds
 h - 10 potions of haste
 j - 3 potions of berserk rage
 K - 2 potions of brilliance
 L - 2 potions of invisibility
 M - 4 potions of resistance
 N - a potion of experience
 O - 5 potions of agility
 R - 7 potions of magic
 W - a potion of cancellation {unknown}
Miscellaneous
 z - a lightning rod (4/4)
 X - a phantom mirror
 Y - a sack of spiders
Comestibles
 e - 7 rations {!d}


   Skills:
 + Level 11.8 Fighting
 + Level 10.6 Axes
 + Level 11.8 Armour
 + Level 10.9 Shields
 + Level 8.8 Invocations


You had 8 spell levels left.
You didn't know any spells.
Your spell library contained the following spells:

 Spells                   Type           Power        Failure   Level  Hunger
 Corona                   Hex            #......      100%        1    None
 Infusion                 Chrm           #.......     100%        1    None
 Shackle                  Hex            #.......     100%        2    ####...
 Song of Slaying          Chrm           #.......     100%        2    ####...
 Swiftness                Chrm/Air       #.......     100%        2    ####...
 False Image              Hex/Summ       #.......     100%        3    #####..
 Inner Flame              Hex/Fire       N/A          100%        3    #####..
 Ozocubu's Armour         Chrm/Ice       #.......     100%        3    #####..
 Recall                   Summ/Tloc      N/A          100%        3    #####..
 Regeneration             Chrm/Necr      #.........   100%        3    #####..
 Spectral Weapon          Hex/Chrm       #.......     100%        3    #####..
 Cause Fear               Hex            #.........   100%        4    ######.
 Yara's Violent Unravell  Hex/Tmut       #.........   100%        4    ######.
 Aura of Abjuration       Summ           #.........   100%        5    #######
 Summon Demon             Summ           #.........   100%        5    #######
 Summon Forest            Summ/Tloc      #.........   100%        5    #######
 Summon Mana Viper        Hex/Summ       #.......     100%        5    #######
 Shadow Creatures         Summ           N/A          100%        6    #######


Dungeon Overview and Level Annotations

Branches:
Dungeon (1/1)

Altars:
Ashenzari
Cheibriados
Dithmenos
Elyvilon
Fedhas
Gozag
Hepliaklqana
Kikubaaqudgha
Lugonu
Makhleb
Nemelex Xobeh
Okawaru
Qazlal
Ru
Sif Muna
Trog
Uskayaw
Vehumet
Wu Jian
Xom
Yredelemnul
Zin
The Shining One
Beogh
Jiyva

Annotations:
D 1 transporter


Innate Abilities, Weirdness & Mutations

You can see and be seen from farther away.
You can swim through water.
You cover ground slowly.
You can hop short distances.


Message History

Your ynoxinul hits the draconian but does no damage.
You block the draconian's attack.
GONNNNG!
The soul eater is struck by lightning.
You block the white draconian's attack.
PTOANNNG!
No path to travel!
You slash the purple draconian!
The purple draconian is severely wounded.
You slash the white draconian! You open a gate to Pandemonium!
A demon appears!
You slash the draconian! Your ynoxinul hits the draconian.
The purple draconian breathes dispelling energy at you.
The bolt of dispelling energy hits you!
Your magical effects are unravelling.
* * * LOW HITPOINT WARNING * * *
The soul eater barely misses your ynoxinul.
The draconian hits your ynoxinul with the cursed +3 flail of Conscience {antimagic, *Noise rPois rF+}!
Your ynoxinul dies!
The white draconian breathes frost at you.
The chilling breath hits you!!
You die...

▓..8©8..▓
▓..}:...▓
▓...)[..▓
▓.......▓
▓.......▓
▓.°..3§.▓
▓.☼ddd3.▓
▓.▓d..▓.▓
▓...@...▓
▓▓▓▓▓▓▓▓▓


You could see a purple draconian, a white draconian, 2 draconians, a soul eater
and a friendly smoke demon.

Vanquished Creatures
  Erica (D)
  2 draconians (D)
  Sigmund (D)
  Edmund (D)
  A porcupine (D)
  A necrophage (D)
  2 wolves (D)
  Dowan (D)
  A wight (D)
  Crazy Yiuf (D)
  Jessica (D)
  2 adders (D)
  2 white imps (D)
  An ufetubus (D)
  A bat zombie (D)
  A ball python (D)
20 creatures vanquished.

Vanquished Creatures (collateral kills)
  A yak (D)
  A naga (D)
  Duvessa (D)
  Blork the orc (D)
  A crimson imp (D)
  A river rat (D)
6 creatures vanquished.

Grand Total: 26 creatures vanquished

Notes
Turn   | Place    | Note
-------+----------+-------------------------------------------
     0 | D        | Found the +6 Majin-Bo {vamp, *Drain Str+12 Int+24}
     0 | D        | Found the +9 heavy crossbow "Sniper" {velocity, Acc+∞ SInv}
     0 | D        | Found the +10 dark maul {crush}
     0 | D        | Found the +15 Maxwell's patent armour {-Cast -Tele rElec
                  | MR+ rCorr}
     0 | D        | Found the +18 shield of the Gong {rElec rN+ MR+ EV-5}
     0 | D        | Found the cursed +14 obsidian axe {chop, +Fly SInv *Curse}
     0 | D        | Found the +7 great mace "Firestarter" {inner flame, rF++}
     0 | D        | Found the +6 shillelagh "Devastator" {shatter}
     0 | D        | Found the +11 plutonium sword {*Contam Stlth-}
     0 | D        | Found the +8 lance "Wyrmbane" {slay drac, rPois rF+ rC+
                  | AC+3}
     0 | D        | Found the +9 sword of Zonguldrok {reap}
     0 | D        | Found the cursed +13 scythe of Curses {drain, *Curse}
     0 | D        | Found the +0 sword of Power
     0 | D        | Found the +7 mace of Variability {chain chaos}
     0 | D        | Found the +7 Singing Sword {slice}
     0 | D        | Found the +7 longbow "Piercer" {penet, EV-2}
     0 | D        | Groucho the Barachi Fighter began the quest for the Orb.
     0 | D        | Reached XP level 1. HP: 18/18 MP: 1/1
    19 | D        | Found a viscous altar of Jiyva.
    19 | D        | Found a transporter.
    19 | D        | Found a hazy altar of Hepliaklqana.
    19 | D        | Found an ancient bone altar of Kikubaaqudgha.
    19 | D        | Found an opulent altar of Gozag.
    19 | D        | Found a corrupted altar of Lugonu.
    19 | D        | Found a burning altar of Makhleb.
    42 | D        | Got the ring "Ymaon" {+Fly rN+}
    87 | D        | Became a worshipper of Qazlal Stormbringer
   102 | D        | Entered arena 2.
   102 | D        | Noticed Sigmund
   102 | D        | Noticed Jessica
   102 | D        | Found a transporter.
   104 | D        | Killed Jessica
   105 | D        | Reached XP level 2. HP: 26/26 MP: 1/3
   105 | D        | Reached XP level 3. HP: 31/31 MP: 1/4
   109 | D        | Killed Sigmund
   110 | D        | Reached skill level 5 in Axes
   110 | D        | Reached XP level 4. HP: 41/41 MP: 1/7
   110 | D        | Reached XP level 5. HP: 47/47 MP: 1/8
   113 | D        | Got the +7 hunting sling of Trial by Ordeal {freeze, rF+
                  | MR+ Dex+4}
   396 | D        | Entered arena 3.
   396 | D        | Noticed a necrophage
   396 | D        | Found a transporter.
   398 | D        | Reached * piety under Qazlal
   403 | D        | Killed a necrophage
   404 | D        | Reached skill level 5 in Invocations
   404 | D        | Reached XP level 6. HP: 50/56 MP: 9/9
   410 | D        | Got the ring "Roawnon" {Ice rPois}
   414 | D        | Entered arena 4.
   414 | D        | Found a transporter.
   417 | D        | Reached ** piety under Qazlal
   429 | D        | Entered arena 5.
   429 | D        | Noticed a naga
   429 | D        | Found a transporter.
   431 | D        | Reached *** piety under Qazlal
   432 | D        | Killed a naga
   449 | D        | Entered arena 6.
   449 | D        | Noticed a yak
   449 | D        | Noticed a porcupine
   449 | D        | Found a transporter.
   450 | D        | Found the +9 staff of Olgreb {rPois}
   450 | D        | Reached **** piety under Qazlal
   451 | D        | Reached XP level 7. HP: 61/63 MP: 11/11
   454 | D        | Killed a yak
   470 | D        | Entered arena 7.
   470 | D        | Noticed Blork the orc
   470 | D        | Noticed Crazy Yiuf
   470 | D        | Noticed Dowan
   470 | D        | Noticed Duvessa
   470 | D        | Noticed Edmund
   470 | D        | Noticed Erica
   470 | D        | Found a transporter.
   473 | D        | Killed Erica
   473 | D        | Killed Crazy Yiuf
   473 | D        | Reached ***** piety under Qazlal
   474 | D        | Reached skill level 10 in Fighting
   474 | D        | Reached skill level 10 in Armour
   474 | D        | Reached XP level 8. HP: 73/74 MP: 3/13
   476 | D        | Killed Edmund
   476 | D        | Killed Duvessa
   477 | D        | Reached skill level 10 in Shields
   477 | D        | Killed Dowan
   478 | D        | Reached XP level 9. HP: 81/81 MP: 3/15
   478 | D        | Killed Blork the orc
   802 | D        | Entered arena 8.
   802 | D        | Noticed a white draconian
   802 | D        | Noticed a draconian
   802 | D        | Noticed a draconian
   802 | D        | Noticed a draconian
   802 | D        | Noticed a draconian
   802 | D        | Noticed a purple draconian
   802 | D        | Found a transporter.
   803 | D        | Identified the +6 fustibalus of the Fray {venom, MP+9 Str+4
                  | Int+3 SInv}
   803 | D        | Identified the cursed +3 flail of Conscience {antimagic,
                  | *Noise rPois rF+}
   808 | D        | Killed a draconian
   809 | D        | Reached skill level 10 in Axes
   810 | D        | Noticed a soul eater
   811 | D        | Killed a draconian
   813 | D        | Killed from afar by a white draconian

Skill      XL: |  1  2  3  4  5  6  7  8  9 |
---------------+----------------------------+-----
Fighting       | 4 6 7 8 10 11 | 11.8
Axes           | 3 5 6 7 9 10 | 10.6
Armour         | 4 6 7 8 10 11 | 11.8
Shields        | 4 6 7 8 9 10 | 10.9
Invocations    | 2 4 5 7 8 |  8.8

Action                   |  1- 3 |  4- 6 |  7- 9 || total
-------------------------+-------+-------+-------++-------
Melee: Broad axe         |     5 |    13 |    12 ||    30
Invok: Upheaval          |       |       |     5 ||     5
Armor: Plate armour      |     1 |     7 |     2 ||    10
Block: Medium shield     |     5 |    20 |    22 ||    47
